 Dungeon Crawl Stone Soup version 0.30-a0-1050-g2766ea1e55 (webtiles) character file.

Game seed: 8937390492061818594

72 CryoSword the Firebug (level 4, 0/33 HPs)
             Began as a Draconian Fire Elementalist on Apr 11, 2023.
             Slain by Crazy Yiuf
             ... wielding a +2 quarterstaff of chaos
              (7 damage)
             ... on level 2 of the Dungeon.
             The game lasted 00:02:50 (1912 turns).

CryoSword the Firebug (Draconian Fire Elementalist) Turns: 1912, Time: 00:02:51

Health: 0/33       AC:  6    Str: 10    XL:     4   Next: 6%
Magic:  4/7        EV: 11    Int: 18    God:
Gold:   133        SH:  3    Dex: 11    Spells: 4/7 levels left

rFire   . . .      SeeInvis .    q - +2 dagger (venom)
rCold   . . .      Faith    .    o - +0 buckler
rNeg    . . .      Spirit   .    (body armour unavailable)
rPois   .          Reflect  .    (helmet restricted)
rElec   .          Rampage  .    (no cloak)
rCorr   .                        (no gloves)
Will    .....                    p - +0 pair of boots
Stlth   ++                       (no amulet)
HPRegen 0.25/turn                (no ring)
MPRegen 0.10/turn                (no ring)

@: slowed, very slow
A: AC +5, unfitting armour, cold-blooded
a: no special abilities


You were on level 2 of the Dungeon.
You visited 1 branch of the dungeon, and saw 2 of its levels.

You collected 133 gold pieces.

Inventory:

Hand Weapons
 q - a +2 dagger of venom (weapon)
   (You took it off a goblin on level 2 of the Dungeon)
Missiles
 h - 2 boomerangs
Armour
 o - a +0 buckler (worn)
   (You found it on level 2 of the Dungeon)
 p - a +0 pair of boots (worn)
   (You found it on level 2 of the Dungeon)
Scrolls
 b - a scroll of amnesia
 k - a scroll of butterflies {unknown}
 n - a scroll of fear {unknown}
Potions
 a - 2 potions of magic
 d - a potion of heal wounds {@q2}
 e - a potion of might
 f - 2 potions of flight
 i - a potion of haste {unknown}
 l - a potion of curing {unknown}
 m - a potion of resistance {unknown}


   Skills:
 - Level 1.7 Dodging
 - Level 1.7 Stealth
 + Level 0.6 Shields
 - Level 2.0 Spellcasting
 + Level 2.7 Conjurations
 + Level 4.0 Fire Magic


You had 4 spell levels left.
You knew the following spells:

 Your Spells              Type           Power      Damage    Failure   Level
a - Foxfire               Conj/Fire      56%        2x1d6     6%          1
b - Scorch                Fire           32%        2d6       7%          2

Your spell library contained the following spells:

 Spells                   Type           Power      Damage    Failure   Level
 Sandblast                Erth           2%         2d4       24%         1
 Inner Flame              Hex/Fire       9%         N/A       32%         3
 Volatile Blastmotes      Fire/Tloc      18%        2d11      32%         3
 Passwall                 Tmut/Erth      0%         N/A       36%         2
 Stone Arrow              Conj/Erth      12%        3d7       38%         3
 Flame Wave               Conj/Fire      14%        2d6       52%         4


Dungeon Overview and Level Annotations

Branches:
Dungeon (2/15)

Altars:

Annotations:
D:2 Crazy Yiuf


Innate Abilities, Weirdness & Mutations

Your plain brown scales are hard. (AC +5)
You cannot fit into any form of body armour.
You are cold-blooded and may be slowed by cold attacks.


Message History

You kill the goblin!
The foxfire hits Robin.
You kill Robin!
Your Fire Magic skill increases to level 4!
You climb upwards.
There is a stone staircase leading down here.
You start resting.
You start resting.
You climb downwards.
Level annotation: 1 runed translucent door, Crazy Yiuf You block the hobgoblin's attack.
The hobgoblin barely misses you. x3
The hobgoblin closely misses you.
The hobgoblin hits you but does no damage. x2
The hobgoblin barely misses you. The goblin barely misses you.
There is a stone staircase leading up here.
There is not enough space to conjure foxfire!
Unknown command.
Flames lash the hobgoblin.
The hobgoblin's fire resistance burns away.
The hobgoblin closely misses you. You block the goblin's attack.
The hobgoblin closely misses you.
The hobgoblin hits you but does no damage.
The hobgoblin hits you.
Flames lash the hobgoblin.
The hobgoblin's fire resistance burns away.
The hobgoblin hits you but does no damage.
The goblin hits you with a +0 club. The hobgoblin barely misses you.
The hobgoblin hits you but does no damage.
The hobgoblin hits you.
Flames lash the hobgoblin.
You kill the hobgoblin!
The hobgoblin hits you. The goblin hits you with a +0 club.
The hobgoblin closely misses you.
The hobgoblin hits you but does no damage.
You don't have enough magic to cast this spell.
A goblin comes into view. It is wielding a +0 dagger.
The hobgoblin is no longer more vulnerable to fire.
The hobgoblin misses you. The goblin hits you but does no damage.
You see here a hobgoblin corpse.
Items here: ! )) [[ †.
The hobgoblin attacks as you move away! You block the hobgoblin's attack.
The hobgoblin attacks as you move away! The hobgoblin barely misses you.
The hobgoblin is no longer more vulnerable to fire.
The hobgoblin attacks as you move away! You block the hobgoblin's attack.
The goblin barely misses you. The goblin hits you but does no damage.
The goblin hits you with a +0 dagger. The hobgoblin barely misses you.
The hobgoblin closely misses you. The hobgoblin attacks as you move away!
The hobgoblin hits you. The hobgoblin attacks as you move away!
The hobgoblin barely misses you. The hobgoblin attacks as you move away!
The hobgoblin hits you but does no damage.
The hobgoblin attacks as you move away! The hobgoblin barely misses you.
The hobgoblin attacks as you move away! The hobgoblin completely misses you.
The goblin attacks as you move away! The goblin hits you with a +0 dagger.
The hobgoblin attacks as you move away! The hobgoblin barely misses you.
The goblin hits you with a +0 dagger. The goblin attacks as you move away!
The goblin hits you but does no damage.
You conjure some foxfire!
The hobgoblin hits you but does no damage.
The foxfire hits the goblin.
You kill the goblin!
You hit the hobgoblin.
You tail-slap the hobgoblin, but do no damage.
The foxfire hits the hobgoblin.
You block the hobgoblin's attack.
You hit the hobgoblin. The hobgoblin barely misses you. x2
You hit the hobgoblin.
You kill the hobgoblin!
The hobgoblin hits you but does no damage.
You have reached level 4!
You feel clever.
You barely miss the hobgoblin.
Your tail-slap misses the hobgoblin.
The hobgoblin hits you but does no damage.
The hobgoblin hits you.
You hit the hobgoblin. The hobgoblin barely misses you.
You hit the hobgoblin but do no damage.
You tail-slap the hobgoblin, but do no damage.
The hobgoblin hits you but does no damage. x2
The goblin hits you with a +0 dagger.
You conjure some foxfire!
The hobgoblin hits you.
* * * LOW HITPOINT WARNING * * *
The hobgoblin hits you but does no damage.
You block the goblin's attack.
You hit the hobgoblin but do no damage.
The foxfire hits the hobgoblin.
You kill the hobgoblin!
The foxfire hits the hobgoblin.
You kill the hobgoblin!
The goblin hits you but does no damage.
You hit the goblin but do no damage. The goblin hits you with a +0 dagger.
* * * LOW HITPOINT WARNING * * *
You hit the goblin. The goblin hits you with a +0 dagger.
* * * LOW HITPOINT WARNING * * *
You closely miss the goblin. You block the goblin's attack.
You conjure some foxfire!
The goblin hits you but does no damage.
You hit the goblin.
You kill the goblin!
You see here a hobgoblin corpse.
You start resting.
You start resting.
You see here a +2 dagger of venom.
q - a +2 dagger of venom Your +2 dagger of venom begins to drip with poison!
q - a +2 dagger of venom (weapon)
You drop a +0 short sword.
You start putting on your armour.
You continue putting on your +0 pair of boots. x4
You finish putting on your +0 pair of boots.
Autopickup disabled for amulets of faith.
You drop an amulet of faith {!P}.
As you read the scroll of identify {@r1}, it crumbles to dust.
f - 2 potions of flight
d - 2 dark potions (gained 1)
Items here: )) [[ †.
You see here a +0 dagger.
You see here a +0 dagger.
Things that are here:
an amulet of faith {!P}; a +0 short sword You see here a +0 short sword.
Crazy Yiuf shouts!
Key pressed, stopping explore.
Could not explore, unopened runed door.
Could not explore, unopened runed door.
Could not explore, unopened runed door.
Here: Crazy Yiuf, wielding a +2 quarterstaff of chaos and wearing a +0 cloak (fire blocked by a runed translucent door)
The floor.
You open the door.
Flames lash Crazy Yiuf.
Crazy Yiuf's fire resistance burns away.
Crazy Yiuf hits you with a +2 quarterstaff of chaos!
You feel yourself slow down.
Flames lash Crazy Yiuf.
Crazy Yiuf is burned terribly!
Crazy Yiuf hits you with a +2 quarterstaff of chaos!
* * * LOW HITPOINT WARNING * * *
You are confused.
You're too confused to cast spells.
It was a potion of heal wounds.
You feel much better.
You feel less confused.
Crazy Yiuf drinks a potion.
Crazy Yiuf flickers and vanishes!
Deactivating autopickup; reactivate with Ctrl-A.
Something hits you.
You are electrocuted!
* * * LOW HITPOINT WARNING * * *
Unknown command.
Something hits you!
* * * LOW HITPOINT WARNING * * *
Something freezes you.
* * * LOW HITPOINT WARNING * * *
Something hits you!
You die...

..# #..#
##.............<... .##
##.## ##......#.........
.# #...# ########.........
.# #...# ##........ .#
##### #...>..... .#
#......... ## ♣♣♣♣♣###
#......... ###
♣♣♣.♣..#.###.........
#...#♣..♣@.....#..........
#...'.♣♣♣♣.......#........
#)..#♣♣ ♣♣.#..####....>.#
### ♣♣#### ########


There were no monsters in sight!

Vanquished Creatures
  Robin (D:2)
  A dart slug (D:1)
  4 endoplasms
  2 giant cockroaches (D:1)
  9 goblins
  5 hobgoblins
  4 jackals (D:1)
  4 quokkas
  A ball python (D:2)
  8 bats
  A frilled lizard (D:2)
  8 kobolds
  6 rats
54 creatures vanquished.

Vanquished Creatures (others)
  127 foxfires
127 creatures vanquished.

Grand Total: 181 creatures vanquished

Notes
Turn   | Place    | Note
-------+----------+-------------------------------------------
     0 | D:1      | CryoSword the Draconian Fire Elementalist began the quest
                  | for the Orb.
     0 | D:1      | Reached XP level 1. HP: 14/14 MP: 3/3
   264 | D:1      | Reached XP level 2. HP: 20/20 MP: 0/5
   840 | D:1      | Learned a level 2 spell: Scorch
   845 | D:1      | Reached XP level 3. HP: 26/26 MP: 2/6
  1344 | D:2      | Found a runed translucent door.
  1345 | D:2      | Noticed Crazy Yiuf
  1605 | D:2      | Noticed Robin
  1624 | D:2      | Killed Robin
  1625 | D:2      | Reached skill level 4 in Fire Magic
  1702 | D:2      | Reached XP level 4. HP: 21/33 MP: 1/7
  1912 | D:2      | Slain by Crazy Yiuf

Illustrated notes

Levels and vault maps discovered:
D:1:      lemuel_arrival_tunnels, layout_rooms, minmay_3d_cube
D:2:      layout_rooms, uniq_crazy_yiuf_cottage, uniq_robin

Skill      XL: |  1  2  3 |
---------------+----------+-----
Conjurations   | 2 |  2.7
Fire Magic     | 4 |  4.0
Dodging        | |  1.7
Stealth        | |  1.7
Shields        | |  0.6
Spellcasting   | |  2.0

Action                     |  1- 3 |  4- 6 || total
---------------------------+-------+-------++-------
  Melee: Short sword       |    51 |     8 ||    59
         Tailslap          |     8 |     1 ||     9
   Cast: Foxfire           |    70 |     2 ||    72
         Scorch            |     8 |     2 ||    10
    Use: Scroll            |     2 |     1 ||     3
         Potion            |       |     1 ||     1
 Armour: Skin              |    35 |     6 ||    41
  Dodge: Dodged            |    76 |     1 ||    77
  Block: Buckler           |     5 |     2 ||     7

Table legend: (Time is in decaauts)
 A = Elapsed time spent in this place.
 B = Non-inter-level travel time spent in this place.
 C = Inter-level travel time spent in this place.
 D = Time resting spent in this place.
 E = Time spent auto-exploring this place.
 F = Levels seen in this place.
 G = Mean time per level.
                   A        B        C        D        E       F      G
               +--------+--------+--------+--------+--------+-----+--------+
         Total |   1915 |   1886 |     29 |    174 |   1329 |   2 |  957.5 |
       Dungeon |   1915 |   1886 |     29 |    174 |   1329 |   2 |  957.5 |
               +--------+--------+--------+--------+--------+-----+--------+

Top non-repeatable levels by time:
     D:1: 1115 daAuts
     D:2: 800 daAuts
